 Dungeon Crawl Stone Soup version 0.31-a0-210-gccc998df9b (webtiles) character file.

Game seed: 13980064825252673194

443 pokeman the Magician (level 6, -1/34 HPs)
             Began as a Deep Elf Hedge Wizard on June 30, 2023.
             Killed from afar by Ijyb (7 damage)
             ... with a puff of flame
             ... on level 5 of the Dungeon.
             The game lasted 00:07:05 (5396 turns).

pokeman the Magician (Deep Elf Hedge Wizard)        Turns: 5396, Time: 00:07:05

Health: -1/34      AC:  3    Str:  7    XL:     6   Next: 71%
Magic:  3/18       EV: 13    Int: 21    God:
Gold:   214        SH:  0    Dex: 14    Spells: 11/19 levels left

rFire   . . .        a - +0 dagger (venom)
rCold   . . .        (no shield)
rNeg    . . .        b - +0 robe
rPois   .            c - +0 hat
rElec   .            f - +0 cloak
rCorr   .            (no gloves)
SInv    .            (no boots)
Will    .....        (no amulet)
Stlth   ++           (no ring)
HPRegen 0.25/turn    (no ring)
MPRegen 0.16/turn

%: no passive effects
@: no status effects
A: no striking features
a: no special abilities


You were on level 5 of the Dungeon.
You visited 1 branch of the dungeon, and saw 5 of its levels.

You collected 214 gold pieces.

Inventory:

Hand Weapons
 a - a +0 dagger of venom (weapon)
Missiles
 h - 3 throwing nets
Armour
 b - a +0 robe (worn)
 c - a +0 hat (worn)
 f - a +0 cloak (worn)
Jewellery
 r - a ring of ice
Wands
 q - a wand of digging (5)
Scrolls
 g - a scroll of blinking {unknown}
 j - a scroll of fog {unknown}
 m - a scroll of noise {unknown}
 n - 4 scrolls of identify {unknown}
 s - 2 scrolls of enchant armour {unknown}
 t - a scroll of acquirement {unknown}
 u - a scroll of poison {unknown}
 v - a scroll of revelation {unknown}
Potions
 d - a potion of magic
 e - a potion of heal wounds
 i - a potion of haste {unknown}
 k - a potion of resistance {unknown}
 l - a potion of mutation {unknown}
 o - 2 potions of berserk rage {unknown}
 p - 2 potions of curing {unknown}


   Skills:
 + Level 1.4 Fighting
 - Level 1.0 Armour
 - Level 3.0 Dodging
 - Level 3.0 Stealth
 * Level 7.3 Spellcasting
 + Level 3.4 Conjurations
 + Level 1.9 Summonings
 - Level 1.1 Translocations
 - Level 1.2 Air Magic
 - Level 1.0 Poison Magic
 - Level 1.0 Evocations


You had 11 spell levels left.
You knew the following spells:

 Your Spells              Type           Power      Damage    Failure   Level
a - Magic Dart            Conj           88%        1d7       1%          1
b - Mephitic Cloud        Conj/Pois/Air  15%        N/A       12%         3
c - Call Imp              Summ           30%        N/A       6%          2
d - Blink                 Tloc           24%        N/A       9%          2

Your spell library contained the following spells:

 Spells                   Type           Power      Damage    Failure   Level
 Slow                     Hex            28%        N/A       9%          1
 Cigotuvi's Dreadful Rot  Necr/Pois/Air  20%        N/A       10%         2
 Summon Ice Beast         Ice/Summ       11%        N/A       50%         4
 Summon Mana Viper        Hex/Summ       11%        N/A       85%         5
 Monstrous Menagerie      Summ           7%         N/A       100%        7


Dungeon Overview and Level Annotations

Branches:
Dungeon (5/15)
 Temple: D:4-7

Altars:
Ashenzari
Cheibriados
Hepliaklqana
Makhleb
Ru
Wu Jian

Annotations:
D:5 Ijyb


Message History

Ijyb shouts!
Something barely misses your cerulean imp.
Ijyb zaps a wand.
The puff of flame hits you!
Your cerulean imp closely misses the phantom.
Something hits your cerulean imp!
Your cerulean imp hits the phantom with a -3 spear.
There are monsters nearby!
Okay, then.
Unknown command.
Ijyb zaps a wand.
The puff of flame hits you!
The phantom closely misses your cerulean imp.
Your cerulean imp hits the phantom with a -3 spear.
The phantom misses something.
Your cerulean imp closely misses the phantom.
The phantom closely misses your cerulean imp.
Ijyb zaps a wand.
The puff of flame misses you.
You hit Ijyb but do no damage.
Ijyb is poisoned.
Your cerulean imp hits the phantom with a -3 spear.
The phantom closely misses your cerulean imp.
The ogre hits your cerulean imp with a +0 giant spiked club.
Your cerulean imp dies!
Your cerulean imp disappears in a puff of smoke!
Ijyb zaps a wand.
The puff of flame hits you.
You closely miss Ijyb.
Ijyb is lightly wounded.
Ijyb closely misses you.
Unknown command.
Ijyb misses you.
You hit Ijyb but do no damage.
Ijyb looks even sicker.
Ijyb is lightly wounded.
Ijyb hits you with a +0 dagger.
* * * LOW HITPOINT WARNING * * *
Unknown command.
Ijyb hits you with a +0 dagger.
* * * LOW HITPOINT WARNING * * *
Ijyb attacks as you move away! Ijyb hits you with a +0 dagger.
* * * LOW HITPOINT WARNING * * *
Ijyb hits you but does no damage.
Ijyb zaps a wand.
The puff of flame hits you!
You die...

#.## ##......#.......#.#
##.###.##.####....)..#.#
####..#.....>.......##.#.######
#.................#.##.#)......
........#..##.##.#........)####..
.##.##........##.#.#####.#)####..
#.#.†##.######.#.#####.#....... #
#.###.# ##.#.......#...g... #.
#.# #.@.########..#.#.. .. ..#
#...# #......W ## ### #.g.#
#..O.##. #..W# #..## #.
.#####...###### #..####.
.........O....###.......
............O......####.
.........[....###...# ##
.#####...###### ##..#


You could see an ogre, a phantom and Ijyb (very poisoned).

Vanquished Creatures
  An ogre (D:4)
  A jelly (D:4)
  An orc priest (D:4)
  13 gnolls
  5 adders
  An ufetubus (D:4)
  A worm (D:2)
  2 dart slugs
  10 orcs
  3 bats
  6 endoplasms
  8 giant cockroaches
  6 hobgoblins
  5 jackals
  4 quokkas
  10 ball pythons
  2 frilled lizards
  5 goblins
  10 kobolds
  6 rats
100 creatures vanquished.

Vanquished Creatures (collateral kills)
  A gnoll (D:2)
1 creature vanquished.

Grand Total: 101 creatures vanquished

Notes
Turn   | Place    | Note
-------+----------+-------------------------------------------
     0 | D:1      | pokeman the Deep Elf Hedge Wizard began the quest for the
                  | Orb.
     0 | D:1      | Reached XP level 1. HP: 10/10 MP: 7/7
   300 | D:1      | Reached XP level 2. HP: 13/15 MP: 3/9
   870 | D:1      | Reached skill level 5 in Spellcasting
  1493 | D:2      | Reached XP level 3. HP: 20/20 MP: 0/11
  1497 | D:2      | Learned a level 3 spell: Mephitic Cloud
  1500 | D:2      | Learned a level 2 spell: Call Imp
  1503 | D:2      | Learned a level 2 spell: Blink
  1738 | D:2      | Reached skill level 1 in Fighting
  1738 | D:2      | Reached skill level 1 in Armour
  1861 | D:2      | Reached XP level 4. HP: 25/25 MP: 8/13
  2345 | D:2      | Reached skill level 6 in Spellcasting
  2345 | D:2      | Reached XP level 5. HP: 25/29 MP: 10/15
  3202 | D:3      | Found a faded altar of an unknown god.
  3226 | D:3      | Found a burning altar of Makhleb.
  3418 | D:3      | Found an ornate altar of the Wu Jian Council.
  3424 | D:3      | Found a snail-covered altar of Cheibriados.
  3556 | D:3      | Found a hazy altar of Hepliaklqana.
  3556 | D:3      | Found a sacrificial altar of Ru.
  3563 | D:3      | Found a broken altar of Ashenzari.
  3690 | D:3      | Reached skill level 1 in Poison Magic
  3931 | D:4      | Noticed an ogre
  3944 | D:4      | Killed an ogre
  3945 | D:4      | Reached skill level 1 in Air Magic
  3945 | D:4      | Reached skill level 1 in Evocations
  3945 | D:4      | Reached XP level 6. HP: 34/34 MP: 6/17
  4779 | D:4      | Reached skill level 7 in Spellcasting
  5150 | D:5      | Entered Level 5 of the Dungeon
  5382 | D:5      | Noticed Ijyb
  5396 | D:5      | Killed from afar by Ijyb

Illustrated notes

Levels and vault maps discovered:
D:1:      dpeg_arrival_three_same_balls, layout_loops_ring,
          chequers_serial_rivers_micro_c, glass_columns_c, grunt_decor_clamped,
          minmay_tall_x
D:2:      layout_basic
D:3:      layout_rooms, nicolae_overflow_hallway_of_the_gods,
          mainiacjoe_overflow_tiny_flanked, ebering_ecumenical_altar_rust
D:4:      layout_layer_cave, minivault_1, minivault_11
D:5:      layout_loops_cross, mainiacjoe_overflow_brackets, uniq_ijyb

Skill      XL: |  1  2  3  4  5  6 |
---------------+-------------------+-----
Spellcasting   | 5 6 7 |  7.3
Fighting       | 1 |  1.4
Armour         | 1 |  1.0
Conjurations   | 2 3 |  3.4
Stealth        | 3 |  3.0
Dodging        | 3 |  3.0
Poison Magic   | 1 |  1.0
Air Magic      | 1 |  1.2
Evocations     | 1 |  1.0
Summonings     | |  1.9
Translocations | |  1.1

Action                     |  1- 3 |  4- 6 || total
---------------------------+-------+-------++-------
  Melee: Dagger            |    30 |    46 ||    76
         Punch             |     2 |     1 ||     3
   Cast: Magic Dart        |    80 |   139 ||   219
         Mephitic Cloud    |     3 |     8 ||    11
         Blink             |       |     1 ||     1
         Call Imp          |       |     1 ||     1
   Stab: Confused          |     2 |     6 ||     8
 Armour: Robe              |     4 |    10 ||    14
  Dodge: Dodged            |    19 |    38 ||    57

Table legend: (Time is in decaauts)
 A = Elapsed time spent in this place.
 B = Non-inter-level travel time spent in this place.
 C = Inter-level travel time spent in this place.
 D = Time resting spent in this place.
 E = Time spent auto-exploring this place.
 F = Levels seen in this place.
 G = Mean time per level.
                   A        B        C        D        E       F      G
               +--------+--------+--------+--------+--------+-----+--------+
         Total |   5394 |   5235 |    159 |      5 |   4648 |   5 | 1078.8 |
       Dungeon |   5394 |   5235 |    159 |      5 |   4648 |   5 | 1078.8 |
               +--------+--------+--------+--------+--------+-----+--------+

Top non-repeatable levels by time:
     D:2: 1659 daAuts
     D:4: 1396 daAuts
     D:1: 1369 daAuts
     D:3: 722 daAuts
     D:5: 245 daAuts
